 Dungeon Crawl Stone Soup version 0.29-a0-613-gf2c431b9b9 (webtiles) character file.

Game seed: 12038150283889276059

46 xian the Conjurer (level 3, -2/21 HPs)
             Began as an Octopode Conjurer on June 16, 2022.
             Slain by an orc
             ... wielding a +0 hand axe
              (5 damage)
             ... on level 2 of the Dungeon.
             The game lasted 00:03:09 (1659 turns).

xian the Conjurer (Octopode Conjurer)               Turns: 1659, Time: 00:03:10

Health: -2/21      AC:  1    Str:  6    XL:     3   Next: 66%
Magic:  6/6        EV: 13    Int: 22    God:
Gold:   45         SH:  0    Dex: 10    Spells: 5/6 levels left

rFire   . . .      SeeInvis .   i - +2 short sword (elec)
rCold   . . .      Faith    .   (no shield)
rNeg    . . .      Spirit   .   (helmet restricted)
rPois   .          Reflect  .   (no amulet)
rElec   .          Harm     .   (no ring)
rCorr   .          Rampage  .   (no ring)
Will    .....                   (no ring)
Stlth   +++.......              (no ring)
HPRegen 0.07/turn               (no ring)
MPRegen 0.10/turn               (no ring)
                                (no ring)
                                (no ring)

@: no status effects
A: almost no armour, amphibious, 8 rings, camouflage 1, gelatinous body 1,
(nimble swimmer 1), tentacles
a: no special abilities


You were on level 2 of the Dungeon.
You visited 1 branch of the dungeon, and saw 2 of its levels.

You collected 45 gold pieces.

Inventory:

Hand Weapons
 i - a +2 short sword of electrocution (weapon)
Scrolls
 g - a scroll of identify {unknown}
Potions
 a - a potion of magic
 b - a potion of brilliance {unknown}
 d - 3 potions of curing {unknown}
 e - 2 potions of ambrosia {unknown}
 f - a potion of heal wounds {unknown}
 h - a potion of flight {unknown}


   Skills:
 + Level 2.1 Dodging
 + Level 2.8 Stealth
 + Level 2.3 Spellcasting
 + Level 4.9 Conjurations


You had 5 spell levels left.
You knew the following spells:

 Your Spells              Type           Power      Damage    Failure   Level
a - Magic Dart            Conj           96%        1d7       1%          1

Your spell library contained the following spells:

 Spells                   Type           Power      Damage    Failure   Level
 Searing Ray              Conj           48%        2d6       2%          2
 Dazzling Flash           Conj/Hex       26%        N/A       14%         3
 Fulminant Prism          Conj/Hex       6%         3d7       43%         4
 Iskenderun's Mystic Bla  Conj/Tloc      13%        2d5       43%         4


Dungeon Overview and Level Annotations

Branches:
Dungeon (2/15)

Altars:


Innate Abilities, Weirdness & Mutations

You cannot wear most types of armour.
You are amphibious.
You can wear up to eight rings at the same time.
Your skin changes colour to match your surroundings (Stealth+).
Your rubbery body absorbs attacks. (AC +1, EV +1)
((You are camouflaged when in or above water. (Stealth+)))
You have tentacles for arms and can constrict up to eight enemies at once.


Message History

You drop a +0 dagger.
Found 13 gold pieces.
Found a bubbling red potion.
You see here 13 gold pieces.
You see here 13 gold pieces.
You hit the giant cockroach. You grab the giant cockroach.
You squeeze the giant cockroach.
You kill the giant cockroach!
You now have 45 gold pieces (gained 13).
d - 3 bubbling red potions (gained 1)
Found a leather armour.
You see here a +0 leather armour.
An orc and a kobold come into view.
The kobold shouts!
You hear a shout! x3
An orc comes into view. It is wielding a +0 hand axe.
You hear a shout!
An orc and a goblin come into view.
Found a stone staircase leading up.
An orc comes into view. It is wielding a +0 club.
An orc comes into view. It is wielding a +0 short sword.
The kobold hits you with a +0 dagger.
The goblin moves out of view.
You closely miss the kobold. You grab the kobold. You squeeze the kobold.
The kobold is severely wounded.
You constrict the kobold.
You kill the kobold!
You closely miss the orc. Your grab misses the orc.
Your squeeze misses the orc. You puncture the orc!
You kill the orc!
The orc closely misses you.
You puncture the orc!
You kill the orc!
The orc hits you with a +0 mace! The orc barely misses you.
The orc hits you with a +0 mace!
* * * LOW HITPOINT WARNING * * *
The orc attacks as you move away! The orc barely misses you.
You hit the orc. Your grab misses the orc.
The orc is heavily wounded.
The orc hits you with a +0 hand axe.
You die...

#..... #...##
#...# #...##
#.....
############.....
##......[##......#
#.♣#####♣.##......
#@# #.#......# #o#
#.#.#....#
#oo..<..#...###..#
#.#.♣.♣.#.### #..#
#.##.. #.# #...
#.♣ ### ♣.# #.##
##. .## #.. # #
####


You could see 3 orcs.

Vanquished Creatures
  A worm (D:2)
  A dart slug (D:1)
  2 orcs (D:2)
  2 bats (D:1)
  3 endoplasms (D:1)
  3 giant cockroaches
  7 goblins
  3 quokkas
  2 ball pythons (D:1)
  4 frilled lizards (D:1)
  4 kobolds
  6 rats
38 creatures vanquished.

Notes
Turn   | Place    | Note
-------+----------+-------------------------------------------
     0 | D:1      | xian the Octopode Conjurer began the quest for the Orb.
     0 | D:1      | Reached XP level 1. HP: 11/11 MP: 3/3
   278 | D:1      | Reached XP level 2. HP: 17/17 MP: 3/5
   350 | D:1      | Found a faded altar of an unknown god.
   915 | D:1      | Reached XP level 3. HP: 21/21 MP: 1/6
  1659 | D:2      | Slain by an orc

Illustrated notes

Levels and vault maps discovered:
D:1:      elethiomel_arrival_infinity_welcomes_careful_drivers, layout_basic,
          ebering_ecumenical_altar_abandoned
D:2:      layout_loops_ring, minmay_statues_item, grunt_ministairs_11,
          minmay_pentomino_v2, uniq_crazy_yiuf_cottage

Action                   || total
-------------------------++-------
Melee: Dagger            ||     6
       Constrict         ||     4
       Short sword       ||     6
       Tentacles         ||     2
 Cast: Magic Dart        ||    65
Armor: Skin              ||     1
Dodge: Dodged            ||     8

Table legend: (Time is in decaauts)
 A = Elapsed time spent in this place.
 B = Non-inter-level travel time spent in this place.
 C = Inter-level travel time spent in this place.
 D = Time resting spent in this place.
 E = Time spent auto-exploring this place.
 F = Levels seen in this place.
 G = Mean time per level.
                   A        B        C        D        E       F      G
               +--------+--------+--------+--------+--------+-----+--------+
         Total |   1658 |   1625 |     33 |      0 |   1418 |   2 |  829.0 |
       Dungeon |   1658 |   1625 |     33 |      0 |   1418 |   2 |  829.0 |
               +--------+--------+--------+--------+--------+-----+--------+

Top non-repeatable levels by time:
     D:1: 1316 daAuts
     D:2: 341 daAuts
